 Dungeon Crawl Stone Soup version 0.16-a0-282-ga87e286 (webtiles) character file.

4440 Johnny the Covered (level 10, -7/79 HPs)
             Began as a Human Berserker on Aug 27, 2014.
             Was an Elder of Trog.
             Mangled by a troll (24 damage)
             ... on Level 9 of the Dungeon.
             The game lasted 00:35:46 (10150 turns).

Johnny the Covered (Human Berserker)               Turns: 10150, Time: 00:35:49

HP  -7/79        AC 18     Str 19      XL: 10   Next: 63%
MP  10/10        EV  7     Int  7      God: Trog [****..]
Gold 461         SH  0     Dex 15      Spells:  0 memorised,  9 levels left

rFire  . . .     SeeInvis .     e - +2 quarterstaff (chaos)
rCold  + . .     Clarity  .     t - +0 chain mail
rNeg   + . .     rCorr    .     (no shield)
rPois  .         rRot     .     h - +1 helmet
rElec  .         Spirit   .     k - +1 cloak
SustAb .         Warding  .     K - +0 pair of gloves
rMut   .         Stasis   .     y - +0 pair of boots
Gourm  .                        (no amulet)
MR     ++...                    v - ring of protection from cold
                                x - ring of positive energy

@: exhausted, regenerating, slowed, very slow, very resistant to hostile
enchantments, extremely unstealthy
A: no striking features
a: Burn Spellbooks, Berserk, Trog's Hand, Brothers in Arms, Renounce Religion


You were on level 9 of the Dungeon.
You worshipped Trog.
Trog was greatly pleased with you.
You were very hungry.

You visited 1 branch of the dungeon, and saw 9 of its levels.

You collected 461 gold pieces.

Inventory:

Hand weapons
 e - a +2 quarterstaff of chaos (weapon)
 D - a +2 flail of crushing
Armour
 g - a +0 pair of gloves
 h - a +1 helmet (worn)
 k - a +1 cloak (worn)
 t - a +0 chain mail (worn)
 y - a +0 pair of boots (worn)
 E - a +0 shield
 K - a +0 pair of gloves (worn)
Magical devices
 o - a wand of disintegration (19) {unknown}
 G - a wand of enslavement (13) {unknown}
Comestibles
 c - 3 bread rations
 d - 7 meat rations
 H - 3 fruits
Scrolls
 b - 4 scrolls of teleportation
 i - 2 scrolls of remove curse
 j - 2 scrolls of magic mapping
 m - 3 scrolls of amnesia
 q - 2 scrolls of enchant armour
 s - 2 scrolls of noise {unknown}
 u - 2 scrolls of blinking {unknown}
 z - 4 scrolls of identify
 C - a scroll of fear {unknown}
 I - a scroll of vulnerability {unknown}
 J - a scroll of enchant weapon {unknown}
Jewellery
 l - an uncursed ring of teleportation
 v - a ring of protection from cold (right hand)
 x - a ring of positive energy (left hand)
 A - an uncursed ring of see invisible
Potions
 a - 5 potions of resistance
 f - 2 potions of cancellation
 n - a potion of porridge
 p - 2 potions of heal wounds
 r - a potion of degeneration {unknown}
 w - a potion of poison {unknown}
 B - a potion of cure mutation {unknown}
 F - a potion of might {unknown}


   Skills:
 + Level 7.2 Fighting
 + Level 3.9(6.0) Maces & Flails
 + Level 7.0(7.5) Staves
 + Level 7.7 Armour
 + Level 7.4 Dodging
 + Level 3.7 Stealth


You had 9 spell levels left.
You didn't know any spells.

Dungeon Overview and Level Annotations

Branches:
Dungeon (9/15)             Temple (0/1) D:6
    Orc: D:9-12        Lair: D:8-11

Altars:
Dithmenos
Fedhas
Qazlal

Annotations:
D:8 exclusion: 2 oklob saplings


Message History

You kill the orc wizard!
Trog accepts your kill.
Trog appreciates your killing of a magic user.
The troll bites you but does no damage. The troll closely misses you.
The troll claws you! The troll bites you! The troll closely misses you.
The troll completely misses you.
Drink which item? (? for menu, Esc to quit)
You feel much better.
You feel the effects of Trog's Hand fading.
The troll bites you but does no damage. The troll claws you but does no damage.
The troll closely misses you. The troll bites you.
The troll claws you but does no damage. The troll barely misses you.
The troll bites you! The troll claws you. The troll claws you.
You hit the troll but do no damage.
The troll is severely wounded.
The troll bites you but does no damage. The troll claws you.
The troll claws you!
* * * LOW HITPOINT WARNING * * *
The troll bites you!!
You die...

#.# ######..(#
#<###......... ..
#.##.....#...#
#.## #........#
##...#######.....#
................##
............####.#
.#####..#### .#
#.T@....# .#
........)..###
..........#
##.....#### ##..##
#.# ##


You could see a troll (berserk).

Vanquished Creatures
  The ghost of Herrn the Conjurer, an experienced TeAE of Cheibriados (D:8)
  A two-headed ogre (D:9)
  A hill giant zombie (D:8)
  3 yaks (D:9)
  The ghost of Johnny the Cudgeler, an average HuBe of Trog (D:4)
  An ice beast (D:5)
  2 sky beasts
  A phantom (D:6)
  A water moccasin (D:5)
  An orc warrior (D:8)
  3 ogres
  3 centaurs
  A tengu (shapeshifter) (D:5)
  Blork the orc (D:4)
  2 giant frogs
  4 killer bees (D:8)
  2 scorpions
  A goliath beetle (D:6)
  3 crimson imps
  An orc priest (D:8)
  A centaur zombie (D:6)
  3 hounds
  Crazy Yiuf (D:2)
  2 iguanas (D:6)
  8 orc wizards
  4 worker ants
  An ogre zombie (D:6)
  A sky beast zombie (D:3)
  3 wandering mushrooms (D:8)
  A mummy (D:6)
  A worker ant zombie (D:5)
  12 adders
  7 gnolls
  5 shadow imps
  A giant mite (D:8)
  6 worms
  An iguana zombie (D:6)
  10 giant geckos
  2 oozes
  20 orcs
  A bat skeleton (D:5)
  6 giant cockroaches
  10 goblins
  15 hobgoblins
  5 jackals
  24 kobolds
  A quokka (D:3)
  3 ball pythons
  11 bats
  4 giant newts
  A giant spore (D:6)
  A goblin skeleton (D:5)
  A goblin zombie (D:5)
  21 rats
  2 rat skeletons
  A rat zombie (D:7)
  8 ballistomycetes
  A bush (D:2)
240 creatures vanquished.

Vanquished Creatures (others)
  A killer bee (D:8)
  A giant spore (D:8)
2 creatures vanquished.

Grand Total: 242 creatures vanquished

Notes
Turn   | Place    | Note
--------------------------------------------------------------
     0 | D:1      | Johnny, the Human Berserker, began the quest for the Orb.
     0 | D:1      | Reached XP level 1. HP: 18/18 MP: 1/1
   315 | D:1      | Reached XP level 2. HP: 14/24 MP: 2/2
  1163 | D:1      | Reached XP level 3. HP: 24/29 MP: 3/3
  1659 | D:2      | Acquired Trog's second power
  1708 | D:2      | Reached XP level 4. HP: 37/37 MP: 4/4
  1863 | D:2      | Found a shadowy altar of Dithmenos.
  1932 | D:2      | Found a stormy altar of Qazlal.
  1934 | D:2      | Noticed a water elemental
  1935 | D:2      | Noticed a fire elemental
  1935 | D:2      | Noticed an earth elemental
  1935 | D:2      | Noticed an air elemental
  2126 | D:2      | Reached XP level 5. HP: 24/42 MP: 5/5
  2365 | D:2      | Noticed Crazy Yiuf
  2376 | D:2      | Killed Crazy Yiuf
  2764 | D:3      | Reached skill level 4 in Fighting
  2922 | D:3      | Noticed an ogre
  2927 | D:3      | Killed an ogre
  2927 | D:3      | Reached XP level 6. HP: 48/48 MP: 6/6
  3440 | D:4      | Reached skill level 1 in Staves
  3440 | D:4      | Reached XP level 7. HP: 45/54 MP: 7/7
  3710 | D:4      | Noticed Blork the orc
  3714 | D:4      | Killed Blork the orc
  3714 | D:4      | Reached skill level 1 in Stealth
  4212 | D:4      | Noticed Johnny's ghost (average HuBe)
  4223 | D:4      | Killed Johnny's ghost
  4392 | D:5      | Entered Level 5 of the Dungeon
  4400 | D:5      | Reached XP level 8. HP: 53/61 MP: 8/8
  4565 | D:5      | Reached skill level 5 in Dodging
  4994 | D:5      | Reached skill level 5 in Fighting
  5245 | D:5      | Reached skill level 5 in Armour
  5872 | D:6      | Got a colourful robe
  5883 | D:6      | Identified the cursed -5 robe "Divviwko" {rF++ Slay+3 SInv} (You found it on level 6 of the Dungeon)
  5916 | D:6      | Reached XP level 9. HP: 69/69 MP: 9/9
  5928 | D:6      | Acquired Trog's third power
  6298 | D:6      | Reached skill level 6 in Dodging
  6705 | D:6      | Found a staircase to the Ecumenical Temple.
  6922 | D:6      | Reached skill level 5 in Staves
  8150 | D:8      | Noticed Herrn's ghost (experienced TeAE)
  8172 | D:8      | Killed Herrn's ghost
  8172 | D:8      | Reached XP level 10. HP: 70/77 MP: 10/10
  8682 | D:8      | Reached skill level 7 in Armour
  9062 | D:8      | Noticed a wandering mushroom
  9072 | D:8      | Killed a wandering mushroom
  9282 | D:8      | Noticed a wandering mushroom
  9531 | D:8      | Killed a wandering mushroom
  9533 | D:8      | Found a blossoming altar of Fedhas.
  9533 | D:8      | Noticed a wandering mushroom
  9533 | D:8      | Noticed a wandering mushroom
  9694 | D:8      | Killed a wandering mushroom
 10150 | D:9      | Mangled by a troll

Action                   |  1- 3 |  4- 6 |  7- 9 | 10-12 || total
-------------------------+-------+-------+-------+-------++-------
Melee: Mace              |    98 |    83 |       |       ||   181
       Quarterstaff      |       |   180 |   404 |   148 ||   732
       Spear             |       |       |    21 |       ||    21
Invok: Berserk           |     2 |     2 |     6 |     5 ||    15
       Trog's Hand       |       |     1 |     2 |     3 ||     6
  Use: Scroll            |       |     6 |     5 |       ||    11
       Potion            |       |       |     2 |     1 ||     3
 Stab: Paralysed         |       |     3 |     3 |     3 ||     9
       Petrifying        |       |       |     1 |       ||     1
       Petrified         |       |       |     1 |       ||     1
       Confused          |       |       |       |     2 ||     2
  Eat: Chunk             |     3 |     4 |     8 |     2 ||    17
       Bread ration      |     1 |       |     3 |     2 ||     6
       Beef jerky        |       |     1 |       |       ||     1
       Fruit             |       |       |       |     1 ||     1
